 Dungeon Crawl Stone Soup version 0.28-a0-1613-gdaab1c2f9b (webtiles) character file.

Game seed: 3054515841778718934

109 funkygono the Firebug (level 4, 0/24 HPs)
             Began as a Gargoyle Fire Elementalist on Jan 21, 2022.
             Slain by an orc priest (1 damage)
             ... on level 3 of the Dungeon.
             The game lasted 00:04:19 (3115 turns).

funkygono the Firebug (Gargoyle Fire Elementalist)  Turns: 3115, Time: 00:04:20

Health: 0/24       AC:  5    Str: 11    XL:     4   Next: 89%
Magic:  1/8        EV: 12    Int: 18    God:
Gold:   80         SH:  0    Dex: 10    Spells: 3/9 levels left

rFire   . . .      SeeInvis .   d - +0 flail
rCold   . . .      Faith    .   h - orb {*channel}
rNeg    + . .      Spirit   .   a - +0 robe
rPois   ∞          Reflect  .   (no helmet)
rElec   +          Harm     .   (no cloak)
rCorr   .          Rampage  .   (no gloves)
Will    .....                   (no boots)
Stlth   ++........              (no amulet)
HPRegen 0.08/turn               (no ring)
MPRegen 0.11/turn               (no ring)

@: no status effects
A: sickness immunity, AC +3, negative energy resistance 1, electricity
resistance, torment resistance 1, petrification resistance
a: no special abilities


You were on level 3 of the Dungeon.
You visited 1 branch of the dungeon, and saw 3 of its levels.

You collected 80 gold pieces.

Inventory:

Hand Weapons
 d - a +0 flail (weapon)
Missiles
 e - 27 stones
Armour
 a - a +0 robe (worn)
 h - an orb of energy (worn)
Scrolls
 b - 2 scrolls of teleportation {unknown}
 c - 2 scrolls of enchant weapon {unknown}
 f - a scroll of amnesia {unknown}
 g - a scroll of torment {unknown}
Potions
 i - a potion of haste {unknown}


   Skills:
 + Level 0.1 Maces & Flails
 + Level 1.9 Dodging
 - Level 2.1 Stealth
 * Level 3.1 Spellcasting
 * Level 1.7 Conjurations
 * Level 4.2 Fire Magic


You had 3 spell levels left.
You knew the following spells:

 Your Spells              Type           Power      Damage    Failure   Level
a - Foxfire               Conj/Fire      52%        2x1d6     4%          1
b - Scorch                Fire           36%        2d6       4%          2
c - Conjure Flame         Conj/Fire      13%        6-21      14%         3

Your spell library contained the following spells:

 Spells                   Type           Power      Damage    Failure   Level
 Inner Flame              Hex/Fire       10%        N/A       21%         3
 Flame Wave               Conj/Fire      13%        2d6       43%         4


Dungeon Overview and Level Annotations

Branches:
Dungeon (3/15)

Altars:


Innate Abilities, Weirdness & Mutations

You are immune to sickness and miasma.
Your stone body is resilient. (AC +3)
You are immune to poison.
You resist negative energy. (rN+)
You are resistant to electric shocks. (rElec)
You are resistant to unholy torment.
You are immune to petrification.


Message History

The foxfire hits the orc.
The orc is heavily wounded.
Your Spellcasting skill increases to level 3!
The foxfire hits the orc.
You kill the orc!
The foxfire hits the orc.
The orc is moderately wounded.
The orc priest calls upon Beogh to heal the orc.
The orc's wounds heal themselves!
You see here a ball python corpse.
Casting: Foxfire (safe; 4% risk of failure)
Confirm with . or Enter, or press ? or * to list all spells.
Flames lash the orc.
You kill the orc!
The orc priest invokes the aid of Beogh against you.
Beogh smites you!
The orc priest calls down the wrath of Beogh upon you.
Beogh smites you!
* * * LOW HITPOINT WARNING * * *
There is a stone staircase leading down here.
Casting: Scorch (safe; 4% risk of failure)
Confirm with . or Enter, or press ? or * to list all spells.
You conjure some foxfire!
The foxfire hits the orc priest.
The orc priest is lightly wounded.
The foxfire hits the orc priest.
The orc priest is moderately wounded.
The orc priest closely misses you.
There is a stone staircase leading down here.
You barely miss the orc priest.
The orc priest is moderately wounded.
The orc priest completely misses you. The orc priest closely misses you.
You barely miss the orc priest.
The orc priest is moderately wounded.
The orc priest hits you with a +0 flail.
* * * LOW HITPOINT WARNING * * *
You barely miss the orc priest.
The orc priest is moderately wounded.
The orc priest hits you with a +0 flail.
You die...

##################
......†).......o@#
################.#
#.# #.# #.# #.#
########.#
#........#
#.########


You could see an orc priest.

Vanquished Creatures
  A killer bee zombie (D:3)
  2 adders
  A shadow imp (D:3)
  2 worms (D:2)
  A dart slug (D:2)
  3 orcs (D:3)
  5 bats
  4 endoplasms
  2 giant cockroaches
  4 goblins
  6 hobgoblins
  3 jackals (D:1)
  A quokka (D:1)
  6 ball pythons
  A frilled lizard (D:2)
  4 kobolds
  A rat (D:2)
47 creatures vanquished.

Vanquished Creatures (others)
  103 foxfires
103 creatures vanquished.

Grand Total: 150 creatures vanquished

Notes
Turn   | Place    | Note
-------+----------+-------------------------------------------
     0 | D:1      | funkygono the Gargoyle Fire Elementalist began the quest
                  | for the Orb.
     0 | D:1      | Reached XP level 1. HP: 10/10 MP: 3/3
   232 | D:1      | Reached XP level 2. HP: 15/15 MP: 3/5
   261 | D:1      | Learned a level 2 spell: Scorch
  1013 | D:1      | Reached XP level 3. HP: 19/19 MP: 3/6
  1017 | D:1      | Learned a level 3 spell: Conjure Flame
  2331 | D:2      | Found a faded altar of an unknown god.
  2498 | D:2      | Reached XP level 4. HP: 24/24 MP: 4/7
  2647 | D:2      | Reached skill level 4 in Fire Magic
  3114 | D:3      | HP: 1/24 [orc priest (5)]
  3115 | D:3      | Slain by an orc priest

Illustrated notes

Levels and vault maps discovered:
D:1:      elethiomel_arrival_quiet, layout_basic
D:2:      minmay_angry_zag, layout_loops_cross, serial_co_window_serial,
          co_window_paths_a, co_window_paths_b, co_window_paths_a,
          co_window_paths_b, co_window_paths_a, co_window_broadway_b,
          co_window_broadway_a, co_window_unsneaky_path_c, co_window_broadway_b,
          co_window_corner_cb, co_window_of_opportunity_b,
          co_window_of_opportunity_b, glass_columns_a, glass_columns_a,
          glass_columns_a, ebering_ecumenical_altar_mist, lemuel_old_faithful
D:3:      layout_basic, gammafunk_ghost_necromancy, wad_floor_pattern_1

Skill      XL: |  1  2  3  4 |
---------------+-------------+-----
Fire Magic     | 4 |  4.2
Spellcasting   | 3 |  3.1
Maces & Flails | |  0.1
Dodging        | |  1.9
Stealth        | |  2.1
Conjurations   | |  1.7

Action                   |  1- 3 |  4- 6 || total
-------------------------+-------+-------++-------
Melee: Flail             |     7 |     4 ||    11
 Cast: Foxfire           |    50 |    15 ||    65
       Scorch            |    12 |    10 ||    22
Armor: Robe              |    18 |     6 ||    24
Dodge: Dodged            |    27 |     7 ||    34

Table legend: (Time is in decaauts)
 A = Elapsed time spent in this place.
 B = Non-inter-level travel time spent in this place.
 C = Inter-level travel time spent in this place.
 D = Time resting spent in this place.
 E = Time spent auto-exploring this place.
 F = Levels seen in this place.
 G = Mean time per level.
                   A        B        C        D        E       F      G
               +--------+--------+--------+--------+--------+-----+--------+
         Total |   3119 |   3084 |     35 |      0 |   2676 |   3 | 1039.7 |
       Dungeon |   3119 |   3084 |     35 |      0 |   2676 |   3 | 1039.7 |
               +--------+--------+--------+--------+--------+-----+--------+

Top non-repeatable levels by time:
     D:2: 1410 daAuts
     D:1: 1318 daAuts
     D:3: 390 daAuts
